PBL
LONDON MAJORS @ CANTON INDIANS
10/10/2048
 
TOP OF THE 1ST
Niagara Falls Phantoms batting - Pitching for Canton Indians : RHP Joey Aksamit
Pitching: RHP Joey Aksamit
Batting: RHB Travis Jackson 0-0: Ball
1-0: Swinging Strike
1-1: Ball
2-1: Foul Ball, location: 2F
2-2: Strikes out swinging
Batting: LHB Kazuyoshi Nakamura 0-0: Foul Ball, location: 2F
0-1: Ball
1-1: Ball
2-1: Foul Ball, location: 2F
2-2: Fly out, F8 (Flyball, 8LD, EV 84.4 MPH)
Batting: LHB Miguel Aquino 0-0: Called Strike
0-1: Ball
1-1: Ground out U3 (Groundball, 34, EV 86.9 MPH)
Top of the 1st over - 0 runs, 0 hits, 0 errors, 0 left on base; Niagara Falls 0 - Canton 0
BOTTOM OF THE 1ST
Canton Indians batting - Pitching for Niagara Falls Phantoms : RHP Jose Tavira
Pitching: RHP Jose Tavira
Batting: RHB Ryan Martins 0-0: Ball
1-0: Foul Ball, location: 2F
1-1: Ball
2-1: Foul Ball, location: 2F
2-2: Ball
3-2: SINGLE (Line Drive, 9S, EV 88.1 MPH)
Batting: LHB Greg Stone 0-0: Ball
1-0: Ball
2-0: Called Strike
2-1: Foul Ball, location: 2F
2-2: Foul Ball, location: 2F
2-2: Ball
3-2: Ground out 4-3 (Groundball, 4, EV 86.3 MPH)
Ryan Martins to second
Batting: RHB Greg Ward 0-0: Ball
1-0: Ball
2-0: Called Strike
2-1: Foul Ball, location: 2F
2-2: Ground out 6-3 (Groundball, 6, EV 86.9 MPH)
Ryan Martins to third
Batting: RHB Tom Roberts 0-0: Fly out, F6 (Line Drive, 6, EV 68.8 MPH)
Bottom of the 1st over - 0 runs, 1 hit, 0 errors, 1 left on base; Niagara Falls 0 - Canton 0
TOP OF THE 2ND
Niagara Falls Phantoms batting - Pitching for Canton Indians : RHP Joey Aksamit
Batting: RHB Frank Granado 0-0: Foul Ball, location: 2F
0-1: Ball
1-1: Foul Ball, location: 2F
1-2: SINGLE (Line Drive, 89S, EV 104.4 MPH)
Batting: LHB Edgar Olmeda 0-0: Called Strike
0-1: Ball
1-1: Foul Ball, location: 2F
1-2: Foul Ball, location: 2F
1-2: Foul Ball, location: 2F
1-2: Ball
2-2: Foul Ball, location: 2F
2-2: Foul Ball, location: 2F
2-2: Foul Ball, location: 2F
2-2: Ball
3-2: Fly out, F3 (Popup, 34S, EV 78.1 MPH)
Pitching: RHP Marshall Barron
Batting: SHB John Giesbrecht 0-0: Ball
Passed Ball!
Frank Granado to second
1-0: Called Strike
1-1: Ball
2-1: Ball
3-1: Foul Ball, location: 2F
3-2: Strikes out swinging
Batting: RHB Jordan Mejias 0-0: Swinging Strike
0-1: Swinging Strike
0-2: Ball
1-2: Strikes out looking
Top of the 2nd over - 0 runs, 1 hit, 0 errors, 1 left on base; Niagara Falls 0 - Canton 0
BOTTOM OF THE 2ND
Canton Indians batting - Pitching for Niagara Falls Phantoms : RHP Jose Tavira
Batting: RHB Gustavo Ferrer 0-0: SINGLE (Groundball, 4MD, EV 94.4 MPH)
Batting: RHB Mike Womack 0-0: Called Strike
0-1: Ball
1-1: Ball
2-1: Fly out, F8 (Line Drive, 8RM, EV 95.0 MPH)
Batting: RHB Nick Takac 0-0: Ball
Gustavo Ferrer is caught stealing 2nd base 2-4
1-0: Ball
2-0: Called Strike
2-1: Called Strike
2-2: Ball
3-2: Foul Ball, location: 2F
3-2: Foul Ball, location: 2F
3-2: Base on Balls
Batting: RHB Steve Marlar 0-0: Swinging Strike
0-1: Ball
1-1: Foul Ball, location: 2F
1-2: Strikes out swinging
Bottom of the 2nd over - 0 runs, 1 hit, 0 errors, 1 left on base; Niagara Falls 0 - Canton 0
TOP OF THE 3RD
Niagara Falls Phantoms batting - Pitching for Canton Indians : RHP Marshall Barron
Batting: LHB Alejandro Soriano 0-0: Called Strike
0-1: Ball
1-1: Ground out 5-3 (Groundball, 56, EV 85.0 MPH)
Batting: RHB Geni Prawiranega 0-0: Called Strike
0-1: Foul Ball, location: 2F
0-2: Ball
1-2: Ball
2-2: Strikes out swinging
Batting: RHB Travis Jackson 0-0: Foul Ball, location: 2F
0-1: Ball
1-1: Ball
2-1: Foul Ball, location: 2F
2-2: Foul Ball, location: 2F
2-2: Ball
3-2: SINGLE (Groundball, 6MD, EV 105.0 MPH)
Batting: LHB Kazuyoshi Nakamura 0-0: Ball
Travis Jackson steals 2nd base
1-0: Ball
2-0: Foul Ball, location: 2F
2-1: Ball
3-1: DOUBLE (Popup, 34D, EV 68.1 MPH)
Travis Jackson scores
Batting: LHB Miguel Aquino 0-0: Ball
1-0: 2-RUN HOME RUN (Flyball, 9D, EV 91.9 MPH), Distance : 374 ft
Batting: RHB Frank Granado 0-0: Ball
1-0: Called Strike
1-1: Called Strike
1-2: Ball
2-2: Ball
3-2: Strikes out looking
Top of the 3rd over - 3 runs, 3 hits, 0 errors, 0 left on base; Niagara Falls 3 - Canton 0
BOTTOM OF THE 3RD
Canton Indians batting - Pitching for Niagara Falls Phantoms : RHP Jose Tavira
Batting: RHB Rocky Campbell 0-0: Called Strike
0-1: Foul Ball, location: 2F
0-2: Ball
1-2: Ball
2-2: Ball
3-2: DOUBLE (Groundball, 5L, EV 107.5 MPH)
Batting: RHB Ryan Martins 0-0: Called Strike
0-1: Foul Ball, location: 2F
0-2: Ball
1-2: Ground out 4-3 (Groundball, 4MS, EV 66.9 MPH)
Rocky Campbell to third
Batting: LHB Greg Stone 0-0: Foul Ball, location: 2F
0-1: Swinging Strike
0-2: Ball
1-2: Ball
2-2: Strikes out swinging
Batting: RHB Greg Ward 0-0: Ball
1-0: Swinging Strike
1-1: Called Strike
1-2: Ball
2-2: Ball
3-2: Foul Ball, location: 2F
3-2: Ground out 6-3 (Groundball, 6, EV 81.3 MPH)
Bottom of the 3rd over - 0 runs, 1 hit, 0 errors, 1 left on base; Niagara Falls 3 - Canton 0
TOP OF THE 4TH
Niagara Falls Phantoms batting - Pitching for Canton Indians : RHP Marshall Barron
Batting: LHB Edgar Olmeda 0-0: Ball
1-0: Foul Ball, location: 2F
1-1: Fly out, F8 (Flyball, 8LS, EV 87.5 MPH)
Batting: SHB John Giesbrecht 0-0: Ball
1-0: Fly out, F9 (Flyball, 9D, EV 104.4 MPH)
Batting: RHB Jordan Mejias 0-0: Called Strike
0-1: Ground out 4-3 (Groundball, 4, EV 88.8 MPH)
Top of the 4th over - 0 runs, 0 hits, 0 errors, 0 left on base; Niagara Falls 3 - Canton 0
BOTTOM OF THE 4TH
Canton Indians batting - Pitching for Niagara Falls Phantoms : RHP Jose Tavira
Batting: RHB Tom Roberts 0-0: Called Strike
0-1: Ground out 6-3 (Groundball, 6, EV 88.8 MPH)
Batting: RHB Gustavo Ferrer 0-0: Ball
1-0: Swinging Strike
1-1: Ball
2-1: Swinging Strike
2-2: Fly out, F7 (Flyball, 7D, EV 97.5 MPH)
Batting: RHB Mike Womack 0-0: Ball
1-0: Foul Ball, location: 2F
1-1: Bunted foul
1-2: Ball
2-2: Strikes out looking
Bottom of the 4th over - 0 runs, 0 hits, 0 errors, 0 left on base; Niagara Falls 3 - Canton 0
TOP OF THE 5TH
Niagara Falls Phantoms batting - Pitching for Canton Indians : RHP Marshall Barron
Pitching: RHP Xing-fu Bei
Batting: LHB Alejandro Soriano 0-0: Called Strike
0-1: Swinging Strike
0-2: Foul Ball, location: 2F
0-2: Strikes out swinging
Batting: RHB Geni Prawiranega 0-0: Ball
1-0: Foul Ball, location: 2F
1-1: Swinging Strike
1-2: Ball
2-2: Ball
3-2: Strikes out looking
Batting: RHB Travis Jackson 0-0: Called Strike
0-1: Ball
1-1: Fly out, F8 (Flyball, 8RS, EV 91.3 MPH)
Top of the 5th over - 0 runs, 0 hits, 0 errors, 0 left on base; Niagara Falls 3 - Canton 0
BOTTOM OF THE 5TH
Canton Indians batting - Pitching for Niagara Falls Phantoms : RHP Jose Tavira
Batting: RHB Nick Takac 0-0: Ball
1-0: Swinging Strike
1-1: Fly out, F7 (Flyball, 7, EV 93.1 MPH)
Batting: RHB Steve Marlar 0-0: Called Strike
0-1: Foul Ball, location: 2F
0-2: Ball
1-2: Strikes out swinging
Batting: RHB Rocky Campbell 0-0: Called Strike
0-1: Bunt for hit to 13S - play at first, batter OUT! 1-3
Bottom of the 5th over - 0 runs, 0 hits, 0 errors, 0 left on base; Niagara Falls 3 - Canton 0
TOP OF THE 6TH
Niagara Falls Phantoms batting - Pitching for Canton Indians : RHP Xing-fu Bei
Batting: LHB Kazuyoshi Nakamura 0-0: Called Strike
0-1: Called Strike
0-2: Ball
1-2: Fly out, F6 (Popup, 6S, EV 59.4 MPH)
Batting: LHB Miguel Aquino 0-0: Ball
1-0: Called Strike
1-1: Fly out, F3 (Popup, 3SF, EV 75.0 MPH)
Batting: RHB Frank Granado 0-0: Fly out, F6 (Line Drive, 6, EV 66.3 MPH)
Top of the 6th over - 0 runs, 0 hits, 0 errors, 0 left on base; Niagara Falls 3 - Canton 0
BOTTOM OF THE 6TH
Canton Indians batting - Pitching for Niagara Falls Phantoms : RHP Jose Tavira
Batting: RHB Ryan Martins 0-0: Ball
1-0: Ball
2-0: Called Strike
2-1: Ball
3-1: Foul Ball, location: 2F
3-2: Base on Balls
Batting: LHB Greg Stone 0-0: Called Strike
0-1: Swinging Strike
0-2: Foul Ball, location: 2F
0-2: Ball
1-2: Strikes out swinging
Batting: RHB Greg Ward 0-0: Grounds into double play, 4-6-3 (Groundball, 4, EV 89.4 MPH)
Bottom of the 6th over - 0 runs, 0 hits, 0 errors, 0 left on base; Niagara Falls 3 - Canton 0
TOP OF THE 7TH
Niagara Falls Phantoms batting - Pitching for Canton Indians : RHP Xing-fu Bei
Pitching: RHP Tony Reed
Batting: LHB Edgar Olmeda 0-0: Swinging Strike
0-1: Ball
1-1: Ball
2-1: Foul Ball, location: 2F
2-2: Strikes out looking
Batting: SHB John Giesbrecht 0-0: Ball
1-0: Ball
2-0: Called Strike
2-1: Foul Ball, location: 2F
2-2: Ball
3-2: Base on Balls
Batting: RHB Jordan Mejias 0-0: Fly out, F5 (Line Drive, 6, EV 72.5 MPH)
Lined into DP, 5-3 (Line Drive, 6, EV 68.1 MPH)
Top of the 7th over - 0 runs, 0 hits, 0 errors, 0 left on base; Niagara Falls 3 - Canton 0
BOTTOM OF THE 7TH
Canton Indians batting - Pitching for Niagara Falls Phantoms : RHP Jose Tavira
Batting: RHB Tom Roberts 0-0: Called Strike
0-1: Ground out 5-3 (Groundball, 5, EV 95.6 MPH)
Batting: RHB Gustavo Ferrer 0-0: Ball
1-0: Ball
2-0: Foul Ball, location: 2F
2-1: Foul Ball, location: 2F
2-2: Strikes out swinging
Batting: RHB Mike Womack 0-0: Foul Ball, location: 2F
0-1: SINGLE (Groundball, 56D, EV 103.1 MPH)
Batting: RHB Nick Takac 0-0: Ball
Mike Womack is caught stealing 2nd base 2-4
Bottom of the 7th over - 0 runs, 1 hit, 0 errors, 0 left on base; Niagara Falls 3 - Canton 0
TOP OF THE 8TH
Niagara Falls Phantoms batting - Pitching for Canton Indians : RHP Tony Reed
Batting: LHB Alejandro Soriano 0-0: Foul Ball, location: 2F
0-1: Reached on error, E4 (Groundball, 4, EV 76.9 MPH)
Batting: RHB Geni Prawiranega 0-0: Ball
1-0: Bunt missed!
1-1: Ball
2-1: Sac Bunt to 23 - play at first, batter OUT! 3-4
Alejandro Soriano to second
Batting: RHB Travis Jackson 0-0: Intentional Walk
Batting: LHB Kazuyoshi Nakamura 0-0: Ball
Alejandro Soriano steals 3rd base
Travis Jackson to second
1-0: Ball
2-0: Foul Ball, location: 2F
2-1: Foul Ball, location: 2F
2-2: Strikes out looking
Batting: LHB Miguel Aquino 0-0: Intentional Walk
Batting: RHB Frank Granado 0-0: Called Strike
0-1: Swinging Strike
0-2: Foul Ball, location: 2F
0-2: Ball
1-2: Ball
2-2: Strikes out swinging
Top of the 8th over - 0 runs, 0 hits, 1 error, 3 left on base; Niagara Falls 3 - Canton 0
BOTTOM OF THE 8TH
Canton Indians batting - Pitching for Niagara Falls Phantoms : RHP Jose Tavira
Now at 3B: Cássio Farto
Batting: RHB Nick Takac 0-0: Ball
1-0: Ground out 4-3 (Groundball, 34, EV 106.9 MPH)
Batting: RHB Steve Marlar 0-0: Foul Ball, location: 2F
0-1: Swinging Strike
0-2: Strikes out swinging
Batting: RHB Rocky Campbell 0-0: Called Strike
0-1: Foul Ball, location: 2F
0-2: Ball
1-2: Ball
2-2: Foul Ball, location: 2F
2-2: Ball
3-2: Base on Balls
Pitching: RHP Takuzo Okimura
Batting: RHB Ryan Martins 0-0: Ball
1-0: Fielders Choice at 2nd, 5-4 (Groundball, 56, EV 108.1 MPH)
Bottom of the 8th over - 0 runs, 0 hits, 0 errors, 1 left on base; Niagara Falls 3 - Canton 0
TOP OF THE 9TH
Niagara Falls Phantoms batting - Pitching for Canton Indians : RHP Tony Reed
Pitching: RHP Jesse Rosa
Batting: LHB Edgar Olmeda 0-0: Called Strike
0-1: Swinging Strike
0-2: Ball
1-2: Strikes out swinging
Batting: RHB Cássio Farto 0-0: Ball
1-0: Ball
2-0: Ball
3-0: Called Strike
3-1: Called Strike
3-2: Foul Ball, location: 2F
3-2: Ground out 5-3 (Groundball, 5, EV 85.0 MPH)
Batting: RHB Jordan Mejias 0-0: Ball
1-0: Called Strike
1-1: Called Strike
1-2: Strikes out looking
Top of the 9th over - 0 runs, 0 hits, 0 errors, 0 left on base; Niagara Falls 3 - Canton 0
BOTTOM OF THE 9TH
Canton Indians batting - Pitching for Niagara Falls Phantoms : RHP Takuzo Okimura
Pitching: RHP Ruud Reintjens
Now at 1B: Fumimaro Hanada
Batting: LHB Greg Stone 0-0: Ball
1-0: Called Strike
1-1: Ball
2-1: Foul Ball, location: 2F
2-2: Strikes out swinging
Batting: RHB Greg Ward 0-0: Ball
1-0: Ball
2-0: Called Strike
2-1: Ground out 6-3 (Groundball, 6, EV 87.5 MPH)
Batting: RHB Tom Roberts 0-0: Swinging Strike
0-1: SINGLE (Groundball, 56D, EV 108.8 MPH)
Batting: RHB Gustavo Ferrer 0-0: Foul Ball, location: 2F
0-1: Ball
1-1: Foul Ball, location: 2F
1-2: Ball
2-2: Ball
3-2: Strikes out looking
Bottom of the 9th over - 0 runs, 1 hit, 0 errors, 1 left on base; Niagara Falls 3 - Canton 0
Tuesday, March 28th , 2023 - OOTP Baseball 23.10 Build 110